Map: Jardín de sombras

Players

MrFercho

  • Race: Zerg Zerg
  • League: Gold
  • Spawn Location: 7:00

TATORREA - Winner!

  • Race: Protoss Protoss
  • League: Gold
  • Spawn Location: 5:00

tigro

  • Race: Terran Terran
  • League: Bronze
  • Spawn Location: 1:00

VOD

Have the link to the VOD?

Description

Time

  • Played on: July 28, 2020, 9:09 p.m.
  • Length: 19:38
Show
View Real Time Build Order
Export as new Build Order

MrFercho Zerg 

Build Orders: Pool First 

Get SALT Encoding   

  12  0:19  Spawning Pool  
  11  0:22  Drone  
  11  0:27  Drone  
  13  0:31  Drone  
  14  0:41  Overlord  
  14  1:07  Zergling x6  
  14  1:09  Queen  
  19  1:18  Drone  
  20  1:38  Drone  
  21  1:44  Drone  
  22  1:56  Overlord  
  22  2:10  Extractor  
  22  2:14  Drone  
  22  2:15  Drone  
  23  2:23  Zergling x6  
  26  2:38  Queen  
  26  2:40  Hatchery  
  27  2:53  Drone x2  
  27  2:54  Drone  
  27  3:34  Drone  
  27  3:35  Drone x2  
  30  3:46  Drone  
  28  3:49  Lair  
  28  3:58  Drone x2  
  30  4:12  Drone x2  
  30  4:14  Roach Warren  
  31  4:21  Queen  
  33  4:26  Drone x3  
  33  4:27  Overlord x2  
  36  4:38  Overlord  
  36  4:39  Overlord  
  36  4:46  Drone x2  
  36  4:51  Drone x2  
  36  4:52  Drone  
  41  4:55  Extractor, Glial Reconstitution  
  41  4:56  Extractor  
  41  4:58  Roach x2  
  43  5:04  Drone  
  44  5:08  Drone x3  
  47  5:19  Queen  
  49  5:24  Drone  
  49  5:25  Drone x2  
  49  5:27  Drone x2  
  54  5:32  Metabolic Boost  
  54  5:35  Roach  
  56  5:44  Hatchery  
  55  5:50  Overlord x3  
  55  5:52  Roach x5  
  65  6:10  Drone  
  66  6:11  Extractor  
  66  6:12  Drone x3  
  66  6:15  Roach  
  66  6:16  Roach x5  
  80  6:23  Evolution Chamber  
  80  6:25  Drone, Evolution Chamber  
  79  6:27  Drone  
  80  6:36  Overseer  
  80  6:37  Overseer  
  80  6:41  Roach x2  
  84  6:48  Roach x4  
  92  6:56  Zerg Missile Weapons Level 1  
  92  7:00  Zerg Ground Armor Level 1  
  92  7:44  Pneumatized Carapace  
  92  7:48  Drone  
  92  7:49  Drone x5  
  92  7:50  Overlord x2  
  92  7:51  Overlord x2  
  68  8:21  Extractor, Hatchery  
  68  8:22  Overlord x2  
  68  8:24  Extractor  
  55  8:29  Zergling x14  
  55  8:30  Zergling x4  
  64  8:36  Baneling Nest  
  64  8:38  Drone x2  
  65  8:44  Spire  
  65  8:46  Infestation Pit  
  63  8:56  Drone x13  
  76  9:18  Zerg Missile Weapons Level 2, Hatchery, Zerg Ground Armor Level 2  
  68  9:34  Roach x2  
  68  9:35  Roach x13  
  96  9:41  Spine Crawler  
  96  9:42  Spine Crawler  
  96  9:44  Spine Crawler  
  67  10:15  Drone x9  
  67  10:16  Drone x2  
  67  10:19  Ravager x3  
  69  10:30  Roach x5  
  75  10:44  Drone x4  
  79  10:53  Centrifical Hooks  
  79  11:12  Zerg Flyer Weapons Level 1  
  79  11:18  Mutalisk x2  
  79  11:25  Hatchery  
  82  11:46  Hatchery  
  81  11:58  Hive  
  81  12:08  Hatchery  
  81  12:15  Hydralisk Den  
  79  12:36  Mutalisk x10  
  85  12:37  Mutalisk  
  101  12:44  Drone  
  101  12:45  Drone  
  103  13:06  Drone x3, Spore Crawler  
  103  13:09  Mutalisk x4  
  103  13:10  Mutalisk  
  115  13:27  Drone x13  
  115  13:34  Extractor  
  127  13:36  Extractor, Overlord x2  
  127  13:37  Overlord  
  127  13:39  Drone x3  
  127  13:40  Drone  
  130  13:41  Drone  
  130  13:42  Drone  
  130  14:23  Hydralisk x3  
  130  14:24  Hydralisk x14  
  162  14:48  Overlord x3  
  162  14:49  Overlord  
  92  15:18  Zergling x34  
  92  15:19  Zergling x36  
  89  15:46  Hydralisk x11  
  93  16:02  Spine Crawler  
  92  16:05  Spine Crawler  
  91  16:13  Extractor  
  91  16:15  Extractor  
  67  16:28  Spore Crawler  
  67  16:30  Spore Crawler  
  37  17:24  Hatchery  
  37  17:28  Drone x3  
  39  18:08  Hatchery  
  38  18:15  Corruptor  
  38  18:16  Corruptor x5  
  50  18:22  Muscular Augments  
  50  18:59  Zergling x16  
Show
View Real Time Build Order
Export as new Build Order

TATORREA Protoss - Winner!

Build Orders: Chargelot Immortal 

Get SALT Encoding   

  12  0:06  Probe  
  13  0:18  Probe  
  14  0:30  Pylon  
  14  0:34  Probe  
  15  0:48  Probe  
  16  0:56  Gateway  
  16  1:00  Probe (Chrono Boost)  
  16  1:03  Assimilator  
  17  1:05  Pylon  
  18  1:11  Probe (Chrono Boost)  
  18  1:16  Probe (Chrono Boost)  
  19  1:27  Probe  
  19  1:28  Gateway  
  20  1:36  Gateway  
  20  1:39  Probe  
  21  1:54  Cybernetics Core  
  21  1:57  Pylon  
  21  2:03  Assimilator  
  21  2:14  Probe  
  21  2:30  Nexus  
  21  2:39  Shield Battery  
  21  2:42  Shield Battery  
  21  2:43  Probe  
  22  2:48  Adept (Chrono Boost)  
  24  2:53  Warp Gate  
  24  2:55  Adept (Chrono Boost)  
  16  3:37  Adept x2  
  20  3:46  Probe (Chrono Boost)  
  20  3:47  Probe (Chrono Boost)  
  23  3:57  Probe x2 (Chrono Boost)  
  23  4:02  Probe x2 (Chrono Boost)  
  26  4:13  Probe x2  
  28  4:25  Twilight Council, Probe x2  
  30  4:37  Probe x2  
  32  4:45  Zealot  
  32  4:48  Zealot  
  32  4:49  Probe x2  
  38  4:55  Zealot  
  38  4:59  Charge (Chrono Boost)  
  40  5:01  Probe x2  
  42  5:13  Probe x2  
  44  5:17  Stalker  
  46  5:25  Probe x2  
  48  5:35  Robotics Facility  
  48  5:37  Probe  
  48  5:38  Probe  
  50  5:47  Pylon  
  50  5:49  Probe  
  51  5:50  Pylon, Probe  
  51  5:54  Stalker  
  54  6:04  Assimilator  
  54  6:05  Probe x2  
  54  6:06  Assimilator  
  54  6:10  Stalker, Sentry  
  60  6:17  Probe x2  
  62  6:20  Forge  
  62  6:29  Probe x2  
  64  6:33  Immortal  
  68  6:41  Probe  
  68  6:46  Blink (Chrono Boost)  
  69  6:49  Protoss Ground Weapons Level 1 (Chrono Boost)  
  69  7:05  Pylon  
  69  7:09  Pylon  
  69  7:12  Pylon  
  69  7:22  Warp Prism (Chrono Boost)  
  71  7:30  Nexus  
  71  7:32  Pylon  
  71  7:34  Pylon  
  71  7:38  Probe x2  
  71  7:43  Immortal (Chrono Boost)  
  73  7:45  Zealot  
  73  7:46  Zealot x2  
  73  7:50  Probe x2  
  85  8:02  Probe x2  
  75  8:19  Zealot x2  
  79  8:20  Zealot  
  79  8:34  Probe x2  
  81  8:46  Probe x2  
  83  8:53  Zealot  
  83  8:54  Zealot x2  
  89  8:56  Immortal  
  89  8:58  Probe x2  
  89  8:59  Probe  
  96  9:10  Probe x2  
  96  9:11  Probe  
  99  9:20  Zealot x2  
  99  9:21  Zealot  
  99  9:22  Probe  
  99  9:23  Probe, Nexus  
  107  9:25  Pylon  
  107  9:27  Pylon  
  107  9:31  Pylon  
  107  9:35  Immortal, Pylon  
  111  9:41  Zealot x3  
  117  9:56  Gateway  
  117  9:58  Gateway, Probe x3  
  117  9:59  Gateway  
  110  10:01  Gateway  
  110  10:02  Gateway  
  110  10:03  Gateway  
  110  10:04  Gateway, Zealot  
  110  10:05  Zealot  
  112  10:07  Gateway  
  112  10:10  Probe x2  
  110  10:15  Zealot  
  106  10:29  Zealot  
  106  10:30  Zealot  
  106  10:40  Probe x3  
  105  10:46  Probe  
  106  10:52  Probe x3  
  106  10:53  Assimilator  
  109  10:57  Assimilator  
  109  10:58  Probe  
  109  10:59  Gateway  
  109  11:02  Gateway  
  110  11:04  Gateway, Probe x2  
  112  11:18  Forge  
  112  11:20  Forge  
  112  11:23  Stargate x2  
  112  11:27  Zealot x2  
  112  11:28  Zealot x2  
  112  11:29  Zealot  
  112  11:30  Stargate  
  112  11:31  Immortal  
  112  11:32  Stargate  
  126  11:37  Pylon  
  126  11:40  Protoss Air Weapons Level 1 (Chrono Boost)  
  126  11:41  Robotics Bay  
  126  11:42  Pylon  
  126  11:45  Cybernetics Core  
  126  11:46  Pylon  
  126  11:47  Probe  
  126  11:48  Probe  
  128  11:54  Pylon  
  128  11:57  Probe  
  128  11:59  Pylon  
  129  12:02  Pylon  
  129  12:07  Protoss Ground Weapons Level 2 (Chrono Boost)  
  129  12:14  Protoss Ground Armor Level 1 (Chrono Boost), Protoss Shields Level 1 (Chrono Boost)  
  129  12:20  Assimilator  
  129  12:21  Void Ray x2  
  129  12:22  Void Ray x2  
  145  12:26  Assimilator  
  145  12:27  Nexus  
  145  12:29  Fleet Beacon  
  145  12:31  Pylon  
  145  12:33  Pylon  
  145  12:56  Gateway  
  145  12:58  Gateway  
  145  12:59  Colossus (Chrono Boost)  
  145  13:00  Gateway  
  145  13:01  Assimilator  
  145  13:05  Extended Thermal Lance, Gateway  
  151  13:06  Assimilator, Unknown  
  151  13:07  Gateway  
  151  13:09  Void Ray x2  
  151  13:10  Void Ray  
  163  13:14  Void Ray  
  167  13:29  Templar Archives  
  167  13:43  Protoss Air Armor Level 1 (Chrono Boost)  
  167  13:45  Colossus  
  167  13:46  Photon Cannon  
  167  13:47  Protoss Air Weapons Level 2 (Chrono Boost)  
  173  13:49  Photon Cannon x2  
  173  13:53  Photon Cannon  
  165  13:57  Photon Cannon  
  165  14:00  Photon Cannon  
  152  14:04  Photon Cannon  
  149  14:22  Photon Cannon  
  149  14:30  Probe x2  
  149  14:31  Probe x3  
  154  14:40  Observer  
  154  14:41  Void Ray x2  
  154  14:42  Void Ray x2, Probe  
  154  14:43  Probe x4  
  176  14:54  Probe  
  176  14:55  Probe x3  
  176  14:56  Protoss Ground Weapons Level 3 (Chrono Boost), Protoss Ground Armor Level 2 (Chrono Boost)  
  176  14:58  Protoss Shields Level 2 (Chrono Boost)  
  180  15:24  Probe x3  
  183  15:33  Void Ray  
  183  15:35  Photon Cannon  
  187  15:37  Zealot x2  
  187  15:38  Zealot x2  
  187  15:40  Zealot  
  187  15:42  Zealot  
  199  15:56  Photon Cannon  
  199  15:59  Photon Cannon  
  199  16:00  Photon Cannon, Probe  
  199  16:03  Protoss Air Armor Level 2 (Chrono Boost)  
  200  16:23  Protoss Air Weapons Level 3 (Chrono Boost)  
  142  17:28  Void Ray x3  
  142  17:29  Void Ray  
  140  17:40  Zealot  
  140  17:41  Zealot x3  
  140  17:42  Zealot x2  
  140  17:43  Zealot x2  
  140  17:44  Zealot x4  
  158  17:45  Zealot  
  158  17:46  Zealot x5  
  158  17:47  Zealot  
  168  18:11  Void Ray x4  
  168  18:25  Zealot x2  
  168  18:26  Zealot x4  
  168  18:27  Zealot x4  
  182  18:28  Zealot x4  
  182  18:29  Zealot x2  
Show
View Real Time Build Order
Export as new Build Order

tigro Terran 

Build Orders: 2 Factory 

Get SALT Encoding   

  12  0:13  SCV  
  13  0:17  Supply Depot  
  13  0:25  SCV  
  14  0:37  SCV  
  15  0:49  Barracks, SCV  
  16  0:59  Refinery  
  16  1:01  SCV  
  17  1:14  SCV  
  18  1:20  Supply Depot  
  18  1:21  Refinery  
  18  1:26  SCV  
  19  1:43  Marine  
  20  1:49  SCV  
  21  2:01  Marine  
  21  2:02  SCV  
  23  2:14  SCV  
  24  2:15  Factory  
  24  2:19  Marine  
  25  2:26  SCV  
  26  2:35  Engineering Bay  
  26  2:37  Marine  
  26  2:38  Orbital Command  
  27  2:55  Marine  
  28  3:01  Factory  
  28  3:04  Factory Tech Lab  
  28  3:15  Terran Infantry Weapons Level 1  
  29  3:51  Barracks Tech Lab  
  29  3:52  Factory Tech Lab  
  29  3:55  Siege Tank  
  31  4:19  Command Center  
  31  4:25  Armory  
  31  4:53  Siege Tank  
  34  5:09  Terran Infantry Armor Level 1  
  34  5:18  Thor  
  40  5:35  Refinery  
  40  5:46  Supply Depot  
  40  5:49  SCV  
  41  6:02  SCV  
  42  6:08  Supply Depot  
  42  6:09  Terran Vehicle And Ship Armor Level 1  
  42  6:14  SCV  
  43  6:26  SCV  
  43  6:32  Supply Depot  
  44  6:38  SCV  
  45  6:50  SCV  
  46  6:55  Supply Depot  
  46  7:02  Refinery  
  46  7:03  Hi-Sec Auto Tracking, SCV  
  47  7:15  SCV  
  48  7:18  Supply Depot  
  48  7:21  Thor x2  
  60  7:27  SCV  
  60  7:28  Smart Servos  
  61  7:39  SCV  
  61  7:41  Supply Depot  
  63  7:51  SCV  
  62  8:03  SCV  
  62  8:04  Terran Vehicle Weapons Level 1  
  63  8:18  SCV  
  64  8:30  SCV  
  65  8:41  Thor x2  
  65  8:42  SCV  
  65  8:47  Infernal Pre-Igniter  
  78  8:55  SCV  
  79  9:07  SCV  
  80  9:20  Command Center  
  80  9:24  Thor x2  
  91  9:47  Supply Depot  
  91  9:58  Terran Ship Weapons Level 1  
  91  10:03  Marine  
  91  10:06  Drilling Claws  
  92  10:08  Neosteel Armor  
  92  10:10  Supply Depot  
  92  10:17  Thor  
  98  10:21  Marine  
  99  10:32  Supply Depot, SCV  
  99  10:34  Refinery  
  100  10:37  Thor  
  100  10:39  Marine  
  107  10:44  SCV  
  107  10:46  Planetary Fortress  
  108  10:56  SCV  
  108  10:57  Marine  
  110  11:08  SCV  
  111  11:14  Marine  
  112  11:20  SCV  
  112  11:22  Command Center  
  113  11:28  Missile Turret  
  113  11:43  Refinery  
  113  11:48  SCV, Terran Infantry Armor Level 2  
  113  11:49  Missile Turret  
  113  11:52  Terran Vehicle Weapons Level 2  
  114  12:00  SCV  
  115  12:10  Missile Turret  
  115  12:12  SCV  
  116  12:20  SCV  
  117  12:24  SCV  
  118  12:32  SCV  
  118  12:36  SCV  
  120  12:44  Thor x2  
  120  12:45  Supply Depot  
  120  12:47  Missile Turret  
  120  12:48  SCV  
  133  13:00  SCV  
  134  13:07  Supply Depot  
  134  13:08  Missile Turret  
  134  13:09  Refinery  
  134  13:11  SCV  
  135  13:13  SCV  
  136  13:23  SCV  
  137  13:27  Thor x2  
  137  13:31  Supply Depot  
  149  13:35  SCV  
  150  13:47  SCV  
  151  13:48  Missile Turret  
  151  14:07  Terran Vehicle And Ship Armor Level 2  
  151  14:09  Missile Turret  
  151  14:10  Thor x2  
  163  14:30  Missile Turret  
  147  14:53  Thor x2  
  117  16:06  Thor x2  
  57  17:59  Armory  
  52  18:26  Marine  
  39  18:48  Armory  
Tags
 
Add a new tag
Caveats
  • Supply blocks, unpowered buildings, or Contaminate may cause inaccurate times.
  • Supply counts are checked every 10 seconds.